cohdb
Replays
Latest Replays
All Replays
Popular Replays
Top Player Replays
Match Explorer
How It Works
Community
CoH3 Stats
Reddit
Sign in to upload your games and track your stats! →
Sign in with Steam
Match 45365871
Unlisted
Match 45365871
Overview
Messages
Build Orders
End
Vickers Machine Gun Team
Construct Section Command Post
Dingo Light Scout Car
Selects Canadian Shock Battlegroup
Infantry Section
Infantry Section
Construct Platoon Command Post
Selects Attacking Spirit
Selects Canadian Shock Section
Canadian Shock Section
Unlock M3 Stuart Light Tanks
M3 Stuart Light Tank
Selects Burnout
Selects Pyrotechnics
6-pounder Anti-tank Gun Team
Unlock Bishop Self-propelled Artillery
Burnout
Bishop Self-propelled Artillery
Construct Field Infirmary
Bishop Self-propelled Artillery
Infantry Section
6-pounder Anti-tank Gun Team
ToYson
<Alpha>saltingfish
Bald
jiro
0
0
Comments
sign in to comment!
No comments posted yet!